AoeStats
← CrazyBen

Oasis

509896503Analyzed
4v4 RM · 2d ago on Sep 28, 2026· 60m 50s· 8 players
Game mode
Random Map
Map size
Large (8 player)
Population
200
Speed
Normal
Resources
Standard
Victory
Conquest
Starting age
Dark Age
Ending age
Imperial Age
RankedLock teamsTeams togetherTeam positionsShared explorationLock speedFull tech treeHidden civsTurbo modeCheats
Victory
Defeat
🇨🇳 Britons · China
1510
+13
🇫🇷 Saracens · France
1444
+16
🇪🇨 Ethiopians · Ecuador
1412
+17
🇮🇳 Maya · India
1363
+20
🇨🇳 Maya · China
1476
-18
1473
-18
🇭🇰 Spanish · Hong Kong SAR China
1414
-15
🇨🇳 Persians · China
1399
-15
609170940
8:15 Loom
8:25 Loom
11:18 Feudal Age
15:06 Castle Age
13:07 Double-Bit Axe
13:28 Horse Collar
14:42 Padded Archer Armor
16:20 Bow Saw
23:47 Leather Archer Armor
26:19 Bloodlines
26:09 Husbandry
28:24 Heavy Plow
30:10 Wheelbarrow
36:04 Imperial Age
37:38 Conscription
39:02 Two-Man Saw
39:12 Ring Archer Armor
38:09 Elite Conquistador
39:30 Gold Mining
39:30 Stone Mining
40:13 Hand Cart
39:51 Fletching
40:38 Bodkin Arrow
41:28 Stone Shaft Mining
41:41 Bracer
42:01 Ballistics
42:42 Chemistry
42:10 Elite Skirmisher
42:55 Thumb Ring
44:53 Caravan
45:40 Bombard Tower
51:33 Murder Holes
53:22 Masonry
秦墨子
5:19 Loom
8:42 Feudal Age
11:40 Wheelbarrow
10:54 Double-Bit Axe
15:44 Town Watch
20:11 Stone Mining
20:02 Horse Collar
22:15 Gold Mining
24:40 Castle Age
23:28 Forging
23:24 Scale Barding Armor
24:37 Bloodlines
24:34 Scale Barding Armor
24:38 Light Cavalry
25:37 Husbandry
27:23 Hand Cart
29:48 Iron Casting
43:34 Elite Skirmisher
44:20 Thumb Ring
47:05 Imperial Age
47:50 Conscription
47:38 Pikeman
48:19 Squires
52:26 Scale Mail Armor
53:49 Arson
54:53 Chain Mail Armor
55:39 Blast Furnace
57:50 Caravan
微变等效电路法
8:01 Loom
10:31 Feudal Age
12:49 Wheelbarrow
15:42 Castle Age
16:06 Forging
15:46 Double-Bit Axe
17:31 Bow Saw
20:32 Horse Collar
22:27 Bloodlines
22:24 Scale Barding Armor
24:45 Heavy Plow
26:42 Chain Barding Armor
27:33 Hand Cart
28:52 Gold Mining
28:56 Stone Mining
29:22 Forging
29:15 Scale Mail Armor
32:25 Imperial Age
30:18 Town Watch
31:00 Chain Mail Armor
31:59 Gold Shaft Mining
32:01 Stone Shaft Mining
32:17 Forging
32:29 Caravan
32:46 Masonry
33:50 Iron Casting
33:29 Squires
33:16 Arson
33:45 Devotion
34:32 Conscription
36:32 Blast Furnace
36:07 Shatagni
36:00 Elite Ghulam
39:23 Coinage
40:54 Siege Engineers
45:05 Plate Barding Armor
43:54 Light Cavalry
46:18 Husbandry
46:10 Hussar
50:05 Ballistics
50:49 Chemistry
53:22 Man-at-Arms
54:56 Long Swordsman
55:30 Long Swordsman
57:13 Two-Handed Swordsman
58:26 Champion
丙酮酸嗦话梅
0:30 Loom
9:19 Feudal Age
9:47 Double-Bit Axe
14:35 Fletching
17:39 Wheelbarrow
20:52 Castle Age
18:57 Gold Mining
19:29 Horse Collar
20:32 Padded Archer Armor
21:36 Bodkin Arrow
21:02 Crossbowman
23:38 Leather Archer Armor
28:50 Ballistics
30:07 Bow Saw
33:12 Elite Skirmisher
37:03 Imperial Age
34:05 Elite Skirmisher
35:47 Hand Cart
35:55 Thumb Ring
36:04 Forging
37:51 Bracer
38:55 Hand Cart
39:56 Chemistry
41:44 Ring Archer Armor
42:15 Town Watch
42:50 Arbalester
43:03 Capped Ram
46:22 Two-Man Saw
45:01 Siege Ram
46:53 Caravan
51:24 Hul'che Javelineers
52:29 Squires
53:30 Masonry
53:00 Treadmill Crane
57:18 Holcans
56:38 Eagle Warrior
[ECU] QUITUS
4:31 Loom
9:35 Feudal Age
11:22 Double-Bit Axe
13:18 Fletching
14:00 Padded Archer Armor
25:27 Castle Age
24:15 Horse Collar
25:30 Crossbowman
26:08 Bodkin Arrow
27:31 Ballistics
30:23 Gold Mining
32:10 Leather Archer Armor
37:53 Bow Saw
40:21 Imperial Age
38:29 Wheelbarrow
38:09 Thumb Ring
38:51 Gold Shaft Mining
38:22 Heavy Plow
41:05 Bracer
42:07 Chemistry
40:32 Arbalester
41:14 Town Watch
42:12 Ring Archer Armor
51:16 Scale Mail Armor
51:27 Forging
53:28 Chain Mail Armor
53:49 Iron Casting
53:29 Stone Mining
53:34 Elite Shotel Warrior
56:00 Plate Mail Armor
56:31 Blast Furnace
CrazyBen
10:37 Feudal Age
10:23 Loom
14:34 Castle Age
12:30 Double-Bit Axe
12:29 Horse Collar
15:24 Bow Saw
16:19 Heavy Plow
20:42 Wheelbarrow
21:13 Scale Barding Armor
22:12 Husbandry
26:10 Scale Mail Armor
26:33 Chain Barding Armor
28:45 Bloodlines
29:33 Stone Mining
29:34 Gold Mining
30:28 Caravan
40:03 Imperial Age
39:53 Masonry
39:56 Fletching
40:32 Ballistics
42:04 Chemistry
41:31 Heavy Camel Rider
42:48 Plate Barding Armor
42:24 Forging
46:08 Bodkin Arrow
46:13 Light Cavalry
48:07 Hussar
49:15 Bracer
50:31 Conscription
54:31 Iron Casting
56:58 Hoardings
58:49 Hand Cart
58:42 Elite Mameluke
超级硬邦邦
6:39 Loom
9:25 Feudal Age
10:19 Double-Bit Axe
15:24 Horse Collar
20:28 Castle Age
18:41 Stone Mining
19:07 Gold Mining
19:14 Fletching
20:07 Wheelbarrow
20:51 Fletching
21:24 Bow Saw
22:36 Bodkin Arrow
23:01 Hand Cart
22:49 Heavy Plow
22:57 Town Watch
25:13 Padded Archer Armor
26:33 Leather Archer Armor
34:13 Imperial Age
32:53 Gold Shaft Mining
33:39 Ballistics
33:02 Treadmill Crane
35:23 Conscription
35:05 Bracer
35:36 Ring Archer Armor
36:36 Chemistry
37:21 Two-Man Saw
36:44 Elite Longbowman
37:45 Yeomen
37:52 Scale Mail Armor
38:02 Forging
39:26 Chain Mail Armor
40:00 Squires
39:21 Pikeman
39:47 Arson
39:48 Gambesons
39:24 Man-at-Arms
40:41 Iron Casting
40:28 Masonry
40:57 Plate Mail Armor
40:10 Halberdier
40:28 Long Swordsman
41:59 Architecture
41:05 Two-Handed Swordsman
42:48 Blast Furnace
42:39 Fortified Wall
42:21 Guard Tower
45:12 Warwolf
47:36 Siege Engineers
48:46 Champion
51:44 Coinage
54:17 Banking
54:59 Hoardings
56:35 Caravan
58:24 Guilds
Theoden_King
0:28 Loom
11:24 Feudal Age
15:15 Castle Age
13:07 Double-Bit Axe
21:06 Fletching
24:53 Ballistics
25:01 Bodkin Arrow
25:58 Padded Archer Armor
27:29 Wheelbarrow
29:07 Thumb Ring
29:59 Bow Saw
31:24 Hand Cart
33:59 Gold Mining
38:57 Imperial Age
36:47 Leather Archer Armor
36:32 Scale Mail Armor
36:43 Forging
36:37 Squires
36:23 Arson
36:03 Eagle Warrior
39:42 Chain Mail Armor
40:03 Iron Casting
39:16 Elite Plumed Archer
40:18 Conscription
40:05 Bracer
40:36 Ring Archer Armor
41:16 Chemistry
39:38 Capped Ram
41:18 Elite Eagle Warrior
42:32 Plate Mail Armor
43:03 Blast Furnace
42:36 Ring Archer Armor
44:12 Holcans
47:33 Siege Ram
48:55 Caravan
55:24 Hul'che Javelineers
56:00 Hoardings
54:47 Man-at-Arms
54:48 Pikeman
60:50 Long Swordsman
Connection lost

Rejoining the realm…

Still unreachable

The connection could not be restored.

Session expired

The server has moved on; the page needs a fresh start.